Map: Odyssey LE

Players

ChuckleNuts - Winner!

  • Race: Terran Terran
  • League: Gold
  • Spawn Location: 5:00

Juxtapose

  • Race: Terran Terran
  • Spawn Location: 11:00

VOD

https://youtu.be/QWzxz2I2XUE

Description

After a successful Reaper harass, things started to go back and forth with my opponent.

I believe my major flaw was not pushing across the map sooner and capitalizing on my resource advantage.

There are Battlecruisers though; haven't seen them in Multiplayer yet!

Time

  • Played on: May 29, 2017, 9:03 p.m.
  • Length: 14:25
Show
View Real Time Build Order
Export as new Build Order

ChuckleNuts Terran - Winner!

Build Orders: Reaper Expand, MMM Bio 

Get SALT Encoding   

  12  0:01  SCV  
  13  0:16  Supply Depot  
  13  0:17  SCV  
  14  0:29  SCV  
  15  0:40  Barracks  
  15  0:41  SCV  
  16  0:44  Refinery  
  16  0:54  SCV  
  17  1:06  SCV  
  18  1:18  SCV  
  19  1:32  Reaper  
  20  1:34  Supply Depot, Orbital Command  
  20  1:39  Barracks  
  20  2:03  Command Center  
  20  2:08  SCV  
  21  2:11  Barracks Reactor  
  21  2:21  SCV  
  22  2:25  Refinery  
  22  2:27  Barracks Tech Lab  
  22  2:33  SCV  
  23  2:53  Marine x3, Bunker  
  23  2:57  SCV  
  27  3:02  Factory  
  27  3:09  SCV  
  27  3:11  Marine x2  
  30  3:17  Orbital Command  
  30  3:21  SCV  
  30  3:24  Stimpack  
  31  3:29  Marine  
  32  3:37  Engineering Bay, Marine  
  33  3:47  Factory Reactor, Marine  
  34  3:49  Starport  
  34  3:51  SCV  
  34  3:54  SCV  
  36  4:06  SCV  
  37  4:14  Supply Depot  
  37  4:17  SCV  
  37  4:18  SCV  
  37  4:20  Terran Infantry Weapons Level 1  
  39  4:24  Marauder  
  39  4:29  SCV  
  39  4:30  SCV  
  43  4:37  Missile Turret  
  43  4:38  Supply Depot  
  43  4:40  Factory Tech Lab  
  43  4:41  SCV  
  43  4:42  SCV, Marine x2  
  43  4:45  Marine  
  46  4:53  SCV  
  46  4:54  SCV  
  43  5:05  SCV  
  44  5:14  Marine x3  
  44  5:16  SCV  
  44  5:17  SCV  
  44  5:19  Medivac x2  
  53  5:30  Refinery, SCV  
  53  5:32  Refinery, Marine x2  
  53  5:35  Combat Shields, Marauder  
  58  5:45  Missile Turret, SCV  
  58  5:49  Marine  
  59  5:50  Supply Depot  
  59  5:56  SCV  
  61  5:57  SCV  
  61  6:02  Missile Turret  
  62  6:05  Missile Turret  
  62  6:11  SCV  
  63  6:19  Supply Depot  
  63  6:20  Medivac, SCV  
  63  6:21  Medivac  
  63  6:22  Marine x2  
  70  6:40  SCV x2, Marine x3  
  70  6:43  Supply Depot  
  75  6:52  SCV  
  76  6:54  Concussive Shells  
  76  6:58  Supply Depot, Marine x2  
  78  7:04  Marine  
  78  7:05  SCV  
  80  7:16  Marauder, Marine  
  80  7:18  Terran Infantry Armor Level 1  
  80  7:22  Marine  
  77  7:29  SCV  
  73  7:33  Supply Depot, Marine  
  73  7:34  Supply Depot  
  74  7:37  Marine  
  74  7:39  Siege Tank  
  74  7:40  Marine  
  74  7:41  SCV  
  80  7:54  Barracks  
  80  7:55  Barracks  
  80  7:56  Engineering Bay  
  80  8:01  Supply Depot  
  80  8:02  SCV  
  81  8:11  Siege Tank  
  84  8:13  Medivac x2  
  84  8:15  Marauder  
  84  8:17  Marine x2  
  92  8:27  Armory  
  92  8:30  Armory  
  92  8:32  Supply Depot  
  92  8:35  Marine  
  92  8:36  SCV  
  92  8:37  Marauder  
  96  8:46  Barracks Reactor, Barracks Tech Lab  
  97  8:48  SCV  
  97  8:56  Starport  
  97  8:57  Fusion Core  
  97  8:58  Starport  
  97  9:14  Marine x4  
  101  9:21  Command Center  
  73  9:31  Marine  
  73  9:35  Marine x5  
  73  9:37  Siege Tank  
  82  9:38  SCV  
  82  9:40  Terran Infantry Armor Level 2  
  82  9:41  Terran Infantry Weapons Level 2  
  82  9:42  Starport Tech Lab x2  
  82  9:45  Weapon Refit  
  82  9:49  Marine  
  82  9:52  Medivac x2  
  87  9:53  Marine x4  
  87  9:56  Marauder  
  93  10:05  Supply Depot  
  93  10:07  Supply Depot, Marine  
  93  10:10  Marine  
  93  10:11  Marine x3  
  98  10:16  Battlecruiser  
  98  10:17  Battlecruiser, Marine  
  111  10:25  Marine  
  112  10:28  Marine  
  112  10:29  SCV, Marine x3  
  110  10:45  Marine x2  
  110  10:46  Marine x3  
  115  10:51  Terran Vehicle Weapons Level 1  
  115  10:52  Terran Vehicle And Ship Armor Level 1  
  115  10:53  Orbital Command  
  108  11:12  Marine x6  
  108  11:15  Refinery x2  
  114  11:20  SCV  
  114  11:24  Battlecruiser  
  121  11:29  Marine  
  121  11:30  Marine x4  
  126  11:33  SCV  
  126  11:36  Supply Depot  
  127  11:42  SCV  
  127  11:43  SCV  
  127  11:45  SCV  
  136  11:47  Battlecruiser  
  136  11:48  Marine x2  
  136  11:49  Marine  
  139  11:57  SCV, Marine  
  139  11:58  Supply Depot  
  126  12:31  Marine x5  
  126  12:32  Marine  
  132  12:38  SCV  
  133  12:46  Supply Depot  
  133  12:49  Marine x6  
  139  13:06  Battlecruiser  
  139  13:07  Battlecruiser, Marine  
  152  13:29  Command Center  
  152  13:30  Marine x2  
  152  13:31  Marine x3  
Show
View Real Time Build Order
Export as new Build Order

Juxtapose Terran 

Build Orders: MMM Bio 

Get SALT Encoding   

  12  0:01  SCV  
  13  0:13  SCV  
  14  0:19  Supply Depot  
  14  0:26  SCV  
  15  0:41  SCV  
  16  0:43  Barracks  
  16  0:53  SCV  
  17  1:02  Refinery  
  17  1:05  SCV  
  17  1:11  Supply Depot  
  18  1:17  SCV  
  19  1:19  Barracks  
  19  1:29  SCV  
  20  1:38  Marine  
  21  1:41  SCV  
  22  1:53  SCV  
  23  2:00  Barracks Reactor  
  23  2:08  Supply Depot  
  23  2:10  Refinery  
  23  2:11  Orbital Command  
  23  2:15  Barracks Tech Lab  
  23  2:31  Supply Depot  
  23  2:43  Marine x2  
  25  2:48  Reaper  
  26  3:01  Reaper  
  27  3:09  Command Center  
  27  3:13  Reaper  
  28  3:31  Factory  
  28  3:41  Stimpack  
  28  3:43  Marine  
  28  3:44  Marine  
  30  4:01  Marine x2  
  32  4:12  Marine  
  33  4:19  Marine  
  33  4:21  Orbital Command  
  33  4:23  Marine  
  35  4:29  Marine  
  36  4:35  Factory Tech Lab  
  36  4:36  Marine  
  37  4:41  Marine  
  37  5:12  Marine x2  
  39  5:15  Siege Tank  
  42  5:22  Starport  
  42  5:25  Supply Depot  
  42  5:28  SCV  
  42  5:33  SCV  
  44  5:40  SCV  
  44  5:42  Combat Shields  
  45  5:45  SCV  
  45  5:48  Siege Tank  
  49  5:51  Engineering Bay  
  49  5:53  SCV  
  50  5:57  SCV  
  50  6:00  Starport Reactor  
  51  6:05  SCV, Marine x2  
  51  6:10  SCV  
  55  6:17  SCV  
  56  6:21  Refinery  
  56  6:22  SCV  
  56  6:24  Siege Tank  
  60  6:29  SCV  
  60  6:32  Terran Infantry Weapons Level 1  
  61  6:34  SCV  
  62  6:41  SCV  
  62  6:46  SCV  
  64  6:53  SCV  
  65  6:56  Marine x3  
  65  7:00  Medivac  
  70  7:11  Medivac  
  70  7:14  Marine  
  68  7:15  Siege Tank  
  68  7:17  Marine  
  68  7:18  Marine  
  57  7:32  Marine  
  57  7:35  Marine x2  
  60  7:41  Barracks  
  60  7:46  Supply Depot  
  60  7:55  Refinery  
  60  7:58  SCV x2  
  62  8:05  Medivac x2  
  66  8:07  Siege Tank  
  66  8:08  Marine  
  66  8:09  Marine x2  
  66  8:10  Supply Depot, SCV x2  
  74  8:26  Terran Infantry Armor Level 1, Marine x2  
  74  8:27  Marine  
  77  8:43  Command Center, Armory  
  77  8:44  Marine x3  
  80  8:49  Medivac x2  
  84  9:02  Marine x2  
  86  9:03  Barracks Tech Lab  
  86  9:06  Barracks Reactor  
  86  9:15  Supply Depot  
  86  9:16  Marine  
  85  9:20  Marine x2  
  64  9:34  Marine  
  64  9:37  Marine  
  64  9:38  Marine  
  67  9:39  Supply Depot  
  67  9:47  Marine x2  
  67  9:52  Marine  
  70  9:55  Marine x2  
  72  10:00  Siege Tank  
  72  10:04  Medivac x2  
  72  10:05  Marine x2  
  81  10:09  Marine  
  81  10:11  Orbital Command  
  81  10:13  Marine x2  
  84  10:22  Marine  
  84  10:23  Marine  
  84  10:27  Marine  
  87  10:31  Marine x2  
  87  10:33  Siege Tank  
  87  10:34  Medivac x2  
  90  10:40  Marine x2  
  78  10:45  Marine  
  78  10:47  Liberator x2  
  78  10:49  Marine x2  
  79  10:58  Marine x2  
  79  11:03  Marine  
  82  11:05  Siege Tank  
  91  11:19  Marine x2  
  93  11:36  Thor  
  99  11:41  Refinery  
  99  11:42  Terran Infantry Weapons Level 2  
  99  11:44  Terran Vehicle Weapons Level 1  
  88  12:03  Marine x4  
  80  12:14  Marine  
  66  12:20  Marine, Siege Tank  
  66  12:35  Refinery  
  66  12:45  Marine x5  
  71  12:51  Thor  
  71  12:52  Medivac x2  
  81  13:03  Marine x5  
  86  13:20  Marine  
  86  13:21  Marine x4  
  91  13:34  Siege Tank  
  91  13:37  Factory  
  91  13:38  Medivac x2, Marine  
Tags
 
Composition
MMM BioMMM Bio
League
Gold
Matchup
TvT
Race
Terran
Spawn Locations
Cross Positions
Add a new tag
Caveats
  • Supply blocks, unpowered buildings, or Contaminate may cause inaccurate times.
  • Supply counts are checked every 10 seconds.